 Dungeon Crawl Stone Soup version 0.29.0-4-gdea44cf6ec (webtiles) character file.

Game seed: 14760154086086651317

84 qw the Chopper (level 4, -2/26 HPs)
             Began as a Tengu Warper on Aug 28, 2022.
             Slain by a gnoll
             ... wielding a +0 halberd
              (7 damage)
             ... on level 4 of the Dungeon.
             The game lasted 00:00:16 (3594 turns).

qw the Chopper (Tengu Warper)                       Turns: 3594, Time: 00:00:16

Health: -2/26      AC:  9    Str: 19    XL:     4   Next: 46%
Magic:  8/8        EV:  7    Int: 14    God:
Gold:   208        SH:  4    Dex: 13    Spells: 7/7 levels left

rFire   . . .      SeeInvis .   Y - +1 hand axe
rCold   . . .      Faith    .   n - +0 buckler
rNeg    + . .      Spirit   .   e - +0 chain mail
rPois   .          Reflect  .   (helmet restricted)
rElec   .          Harm     .   a - scarf {repulsion}
rCorr   .          Rampage  .   s - +0 pair of gloves
Will    .....                   (boots unavailable)
Stlth   ..........              (no amulet)
HPRegen 0.08/turn               g - ring of positive energy
MPRegen 0.11/turn               b - +6 ring of strength

@: about to teleport, repel missiles
A: beak, talons 3
a: no special abilities


You were on level 4 of the Dungeon.
You visited 1 branch of the dungeon, and saw 4 of its levels.

You collected 208 gold pieces.


Innate Abilities, Weirdness & Mutations

You have a beak for a mouth.
You have claws for feet.


   Skills:
 - Level 2.0 Fighting
 + Level 4.8 Axes
 - Level 1.0 Throwing
 - Level 1.1 Armour
 - Level 2.1 Dodging
 - Level 1.0 Shields
 - Level 2.0 Spellcasting
 - Level 2.4 Translocations


You had 7 spell levels left.
You didn't know any spells.
Your spell library contained the following spells:

 Spells                   Type           Power      Damage    Failure   Level
 Blink                    Tloc           16%        N/A       94%         2
 Gell's Gravitas          Tloc           8%         N/A       99%         3
 Lesser Beckoning         Tloc           8%         N/A       99%         3
 Teleport Other           Tloc           8%         N/A       99%         3
 Manifold Assault         Tloc           8%         N/A       100%        5

Inventory:

Hand Weapons
 d - a +0 whip
 Y - a +1 hand axe (weapon)
Missiles
 j - 3 boomerangs (quivered)
Armour
 a - a scarf of repulsion (worn)
 e - a +0 chain mail (worn)
 m - a +0 plate armour
 n - a +0 buckler (worn)
 s - a +0 pair of gloves (worn)
Jewellery
 b - a +6 ring of strength (right hand)
 g - a ring of positive energy (left hand)
 h - a ring of fire
Potions
 f - a potion of brilliance {unknown}
 i - 2 potions of mutation {unknown}
 k - a potion of heal wounds {unknown}
 l - a potion of resistance {unknown}
 o - a potion of might {unknown}
 p - a potion of lignification {unknown}

Dungeon Overview and Level Annotations

Branches:
Dungeon (4/15)
 Temple: D:4-7

Altars:
Uskayaw
Vehumet

Annotations:
D:3 1 runed translucent door, Crazy Yiuf, Ijyb


Message History

You hit the gnoll. You claw the gnoll.
You kill the gnoll!
You have reached level 4!
You feel clever.
Throw: 3 boomerangs
Press: ? - help, Q - select action Shift-Dir - straight line, f - gnoll You throw a boomerang.
The boomerang closely misses the gnoll.
A gnoll comes into view.
It is wielding a +0 halberd and quivering poisoned darts.
3525 ||| Stepping ~*~*~tactically~*~*~ (stealth).
You hit the gnoll. You claw the gnoll!
The gnoll is severely wounded.
The gnoll hits you with a +0 club.
You hit the gnoll.
You kill the gnoll!
You start resting.
An adder comes into view.
The adder hisses angrily.
You block the adder's attack.
You hit the adder. Your peck misses the adder.
The adder is lightly wounded.
The adder bites you but does no damage.
You hit the adder. You claw the adder.
The adder is almost dead.
The adder barely misses you. The adder bites you.
You hit the adder.
You kill the adder!
You start resting.
A gnoll is nearby!
3588 ||| Stepping ~*~*~tactically~*~*~ (stealth).
You start resting.
A gnoll is nearby!
The gnoll shouts!
You hear a shout!
The gnoll throws a poisoned dart.
The poisoned dart barely misses you.
Items here: %%% ( )).
The gnoll hits you with a +0 halberd!
Ouch! That really hurt!
3594 ||| READING scroll of teleportation.
As you read the scroll of teleportation, it crumbles to dust.
You feel strangely unstable. The gnoll hits you with a +0 halberd!
You die...

#...# #.#.# #.#.# # #.#.#
.########## ###
#...#####.##........
...###...................
.....)..........#........
...............##g.......
................@.....?..
.........#.....#)........
...###.#.#.....#.########
## #%#.......#.#
#%###.....#.# #.#
#.....#.# #.# #.......#
#.# ##...#### #####.#
#####


You could see a gnoll.

Vanquished Creatures
  2 gnolls (D:4)
  An adder (D:4)
  A worm (D:2)
  A dart slug (D:2)
  2 bats
  5 endoplasms
  3 giant cockroaches
  5 goblins
  3 hobgoblins
  8 jackals
  5 ball pythons
  3 frilled lizards
  6 kobolds
  A rat (D:1)
46 creatures vanquished.

Notes
Turn   | Place    | Note
-------+----------+-------------------------------------------
     0 | D:1      | qw the Tengu Warper began the quest for the Orb.
     0 | D:1      | Reached XP level 1. HP: 12/12 MP: 4/4
     0 | D:1      | 0 ||| qw: Version: 0.1-a-89-g26bdef1
     0 | D:1      | 0 ||| qw: Game counter: 874
     0 | D:1      | 0 ||| qw: Always use a shield: true
     0 | D:1      | 0 ||| qw: God list: Okawaru
     0 | D:1      | 0 ||| qw: Allow faded altars: false
     0 | D:1      | 0 ||| qw: Do Orc after D:15 true
     0 | D:1      | 0 ||| qw: Do second Lair branch before Depths: true
     0 | D:1      | 0 ||| qw: Lair rune preference: random
     0 | D:1      | 0 ||| qw: Plans: Normal
     0 | D:1      | 0 ||| PLANNING D:1-11
   461 | D:1      | Reached XP level 2. HP: 16/17 MP: 6/6
   486 | D:1      | Reached skill level 3 in Axes
   498 | D:1      | 498 ||| Stepping ~*~*~tactically~*~*~ (stealth).
   512 | D:1      | 512 ||| Stepping ~*~*~tactically~*~*~ (stealth).
   518 | D:1      | 518 ||| Stepping ~*~*~tactically~*~*~ (stealth).
   524 | D:1      | 524 ||| DROPPING +0 club.
   531 | D:1      | 531 ||| Stepping ~*~*~tactically~*~*~ (stealth).
   546 | D:1      | 546 ||| Stepping ~*~*~tactically~*~*~ (stealth).
   547 | D:1      | 547 ||| Stepping ~*~*~tactically~*~*~ (stealth).
  1052 | D:1      | 1052 ||| UPGRADING to ring of positive energy.
  1053 | D:1      | 1053 ||| READING scroll labelled PANYAH FATHYRGH.
  1054 | D:1      | 1054 ||| READING scroll labelled ALISSAUS ZAME.
  1055 | D:1      | 1055 ||| DROPPING scroll of blinking.
  1103 | D:2      | 1103 ||| Stepping ~*~*~tactically~*~*~ (stealth).
  1106 | D:2      | 1106 ||| Stepping ~*~*~tactically~*~*~ (stealth).
  1220 | D:2      | 1220 ||| Stepping ~*~*~tactically~*~*~ (stealth).
  1228 | D:2      | Reached XP level 3. HP: 20/21 MP: 7/7
  1412 | D:2      | 1412 ||| Stepping ~*~*~tactically~*~*~ (stealth).
  1423 | D:2      | Reached skill level 4 in Axes
  1705 | D:2      | Found a faded altar of an unknown god.
  2024 | D:2      | 2024 ||| UPGRADING to +0 chain mail.
  2034 | D:2      | 2034 ||| DROPPING +0 leather armour.
  2035 | D:2      | 2035 ||| UPGRADING to +0 buckler.
  2040 | D:2      | 2040 ||| UPGRADING to +0 pair of gloves.
  2045 | D:2      | 2045 ||| READING scroll labelled QETUVI MON.
  2046 | D:2      | 2046 ||| READING scroll labelled OJI SUITREI.
  2152 | D:2      | 2152 ||| READING 2 scrolls labelled OSHRYT XAOJER.
  2153 | D:2      | 2153 ||| READING scroll labelled ZOGEACVUOL.
  2154 | D:2      | 2154 ||| READING scroll labelled ENTUG VUOT.
  2159 | D:2      | 2159 ||| DROPPING scroll of fear.
  2212 | D:3      | Noticed Ijyb
  2214 | D:3      | 2214 ||| STAIRDANCE
  2356 | D:3      | HP: 3/21 [Ijyb/+0 club (4)]
  2357 | D:3      | 2357 ||| READING scroll of teleportation.
  2711 | D:3      | Found a runed translucent door.
  2712 | D:3      | Noticed Crazy Yiuf
  2896 | D:3      | Found a hide-covered altar of Uskayaw.
  3069 | D:3      | Found a radiant altar of Vehumet.
  3363 | D:3      | 3363 ||| UPGRADING to +6 ring of strength.
  3364 | D:3      | 3364 ||| READING scroll labelled WIOCKO PIWAJE.
  3364 | D:3      | Identified a scroll of acquirement
  3364 | D:3      | 3364 ||| ACQUIRING scarf of repulsion
  3364 | D:3      | Acquired a scarf of repulsion
  3366 | D:3      | 3366 ||| UPGRADING to scarf of repulsion.
  3371 | D:3      | 3371 ||| READING scroll labelled LUIRARIMEYPH.
  3487 | D:4      | 3487 ||| Stepping ~*~*~tactically~*~*~ (stealth).
  3489 | D:4      | 3489 ||| Stepping ~*~*~tactically~*~*~ (stealth).
  3491 | D:4      | Reached skill level 1 in Shields
  3519 | D:4      | 3519 ||| Stepping ~*~*~tactically~*~*~ (stealth).
  3524 | D:4      | Reached XP level 4. HP: 15/26 MP: 8/8
  3525 | D:4      | 3525 ||| Stepping ~*~*~tactically~*~*~ (stealth).
  3588 | D:4      | 3588 ||| Stepping ~*~*~tactically~*~*~ (stealth).
  3593 | D:4      | HP: 5/26 [gnoll/+0 halberd (14)]
  3594 | D:4      | 3594 ||| READING scroll of teleportation.
  3594 | D:4      | Slain by a gnoll

Levels and vault maps discovered:
D:1:      sevenhm_arrival_forest_fort_small_6, layout_loops_corners,
          minmay_tripent
D:2:      layout_loops_ring, shapermc_ecumenical_altar_gd, fountainhead
D:3:      layout_loops_ring, mainiacjoe_overflow_alcove_1,
          nicolae_vehumet_radiance, uniq_crazy_yiuf_cottage, uniq_ijyb
D:4:      layout_basic, nicolae_elevator_lobby_plus

Skill      XL: |  1  2  3 |
---------------+----------+-----
Axes           | 3 4 |  4.8
Shields        | 1 |  1.0
Fighting       | |  2.0
Throwing       | |  1.0
Armour         | |  1.1
Dodging        | |  2.1
Spellcasting   | |  2.0
Translocations | |  2.4

Action                   |  1- 3 |  4- 6 || total
-------------------------+-------+-------++-------
Melee: Hand axe          |    96 |     5 ||   101
       Kick              |    24 |     2 ||    26
       Peck              |    12 |       ||    12
Throw: Boomerang         |    31 |     1 ||    32
  Use: Scroll            |    10 |     1 ||    11
Armor: Leather armour    |    15 |       ||    15
       Chain mail        |    19 |     1 ||    20
Dodge: Dodged            |    41 |     2 ||    43
Block: Buckler           |     2 |     1 ||     3

Table legend:
 A = Non-vault XP
 B = Vault XP
 C = Vault XP percentage of total XP
 D = Non-vault monster count
 E = Vault monster count
 F = Vault count percentage of total count
                 A         B        C        D         E       F
            +---------+---------+-------+---------+---------+-------
      Total |     118 |       3 |   2.5 |      44 |       2 |   4.3
            +---------+---------+-------+---------+---------+-------
        D:1 |      28 |       3 |   9.7 |      17 |       2 |  10.5
        D:2 |      27 |       0 |   0.0 |      12 |       0 |   0.0
        D:3 |       7 |       0 |   0.0 |       4 |       0 |   0.0
        D:4 |      56 |       0 |   0.0 |      11 |       0 |   0.0
            +---------+---------+-------+---------+---------+-------
